AoeStats
← maksi_ka

Arabia

507305555Analyzed
1v1 RM · 15d ago on Sep 17, 2026· 36m 43s· 2 players
Game mode
Random Map
Map size
Tiny (2 player)
Population
200
Speed
Normal
Resources
Standard
Victory
Conquest
Starting age
Dark Age
Ending age
Imperial Age
RankedLock teamsTeams togetherTeam positionsShared explorationLock speedFull tech treeHidden civsTurbo modeCheats
Victory
Defeat
🇫🇷 Franks · France
863
+16
🇩🇪 Malians · Germany
871
-16
Arcturius
7:27 Loom
9:42 Feudal Age
10:18 Double-Bit Axe
19:53 Castle Age
17:51 Stone Mining
20:59 Gold Mining
22:36 Wheelbarrow
23:12 Forging
25:26 #83
25:10 Scale Mail Armor
25:46 Iron Casting
26:04 Gold Shaft Mining
25:49 Town Watch
29:35 Scale Barding Armor
29:49 Chain Mail Armor
32:53 Hand Cart
36:11 Imperial Age
36:36 Elite Throwing Axeman
maksi_ka
7:28 Loom
10:35 Feudal Age
11:10 Double-Bit Axe
13:33 Horse Collar
20:58 Castle Age
20:02 Forging
21:45 Bloodlines
22:25 Husbandry
22:26 Pikeman
24:40 Scale Barding Armor
30:11 Scale Mail Armor
33:59 Chain Barding Armor
33:57 Chain Mail Armor
34:37 Crossbowman
35:09 Fletching
36:11 Padded Archer Armor
Connection lost

Rejoining the realm…

Still unreachable

The connection could not be restored.

Session expired

The server has moved on; the page needs a fresh start.